 Dungeon Crawl Stone Soup version 0.29-a0-82-g837932c90e (webtiles) character file.

Game seed: 12617409856878011893

20 fragbeetle the Chopper (level 2, -4/26 HPs)
             Began as a Hill Orc Cinder Acolyte on Feb 4, 2022.
             Was a High Priest of Ignis.
             Killed by nerve-wracking pain
             ... invoked by Jessica
              (14 damage)
             ... on level 2 of the Dungeon.
             The game lasted 00:01:51 (1574 turns).

fragbeetle the Chopper (Hill Orc Cinder Acolyte)    Turns: 1574, Time: 00:01:53

Health: -4/26      AC:  2    Str: 16    XL:     2   Next: 79%
Magic:  1/3        EV: 11    Int: 14    God:    Ignis [*****.]
Gold:   45         SH:  0    Dex:  6    Spells: 1/3 levels left

rFire   + . .      SeeInvis .   a - -1 hand axe (flame)
rCold   . . .      Faith    .   (no shield)
rNeg    . . .      Spirit   .   b - +0 robe
rPois   .          Reflect  .   (no helmet)
rElec   .          Harm     .   l - scarf {shadows}
rCorr   .          Rampage  .   (no gloves)
Will    +....                   (no boots)
Stlth   +.........              (no amulet)
HPRegen 0.08/turn               g - ring of willpower
MPRegen 0.08/turn               (no ring)

@: no status effects
A: no striking features
a: Renounce Religion, Fiery Armour, Foxfire Swarm, Rising Flame


You were on level 2 of the Dungeon.
You worshipped Ignis.
Ignis was extremely pleased with you.
You visited 1 branch of the dungeon, and saw 2 of its levels.

You collected 45 gold pieces.

Inventory:

Hand Weapons
 a - a -1 hand axe of flaming (weapon)
 c - a +0 dagger of holy wrath
Armour
 b - a +0 robe (worn)
 l - a scarf of shadows (worn)
Jewellery
 g - a ring of willpower (left hand)
Scrolls
 f - a scroll of amnesia {unknown}
 i - a scroll of magic mapping {unknown}
 k - a scroll of teleportation {unknown}
Potions
 d - a potion of resistance {unknown}
 e - 2 potions of haste {unknown}
 h - a potion of curing {unknown}
 j - a potion of mutation {unknown}


   Skills:
 - Level 3.6 Fighting
 * Level 4.6 Axes
 + Level 1.0 Spellcasting
 * Level 3.8 Fire Magic


You had one spell level left.
You knew the following spells:

 Your Spells              Type           Power      Damage    Failure   Level
a - Scorch                Fire           22%        2d6       9%          2

Your spell library contained the following spells:

 Spells                   Type           Power      Damage    Failure   Level
 Stone Arrow              Conj/Erth      0%         3d7       61%         3
 Animate Armour           Summ/Erth      0%         N/A       95%         4
 Summon Forest            Summ/Tloc      0%         N/A       100%        5
 Summon Mana Viper        Hex/Summ       0%         N/A       100%        5
 Summon Cactus Giant      Summ           0%         N/A       100%        6
 Lehudib's Crystal Spear  Conj/Erth      0%         10d2      100%        8


Dungeon Overview and Level Annotations

Branches:
Dungeon (2/15)

Altars:

Shops:
D:2 *

Annotations:
D:2 Jessica


Message History

You see here a scarf of shadows.
l - a scarf of shadows You start putting on your armour.
You continue putting on your scarf of shadows. x4
You finish putting on your scarf of shadows.
It gets dark.
Found a stone staircase leading down.
Found an escape hatch in the floor.
Jessica the Apprentice Sorceress comes into view.
She is wielding a +0 dagger.
Jessica casts a spell.
Jessica seems to speed up.
Flames lash Jessica.
Jessica is severely wounded.
Jessica's fire resistance burns away.
Jessica hits you with a +0 dagger.
You don't have enough magic to cast this spell.
Casting: Scorch (safe; 9% risk of failure)
Confirm with . or Enter, or press ? or * to list all spells.
You don't have enough magic to cast this spell.
Jessica is nearby!
You closely miss Jessica.
Jessica is severely wounded.
Jessica completely misses you.
You barely miss Jessica.
Jessica is heavily wounded.
Jessica hits you with a +0 dagger.
Jessica grins evilly.
Jessica hits you with a +0 dagger.
You are too injured to fight recklessly!
You are too injured to fight recklessly!
You are too injured to fight recklessly!
You hit Jessica. You burn Jessica.
Jessica is severely wounded.
Jessica hits you with a +0 dagger. Jessica closely misses you.
You barely miss Jessica.
Jessica is severely wounded.
Jessica is no longer more vulnerable to fire.
Jessica points at you and mumbles some strange words.
Pain shoots through your body!
Ouch! That really hurt!
You die...

#........##.#....##
#........##.#....##
#........##.#....##
#.........#>.......
#.........#.#.###..
#.........#.#.###..
#.........#........
##.....######.###..
#@....# #.# #..
#....@.....######+###..
##..(......#...........
#.....#####...........
#.....# #..........#
#.....#####..........#
####..................#
#<......... ..........#
#.......... ###.......


You could see Jessica (fast).

Vanquished Creatures
  An endoplasm (D:1)
  3 goblins (D:1)
  2 hobgoblins (D:1)
  3 kobolds
  4 quokkas
  2 ball pythons (D:1)
  A frilled lizard (D:1)
16 creatures vanquished.

Notes
Turn   | Place    | Note
-------+----------+-------------------------------------------
     0 | D:1      | fragbeetle the Hill Orc Cinder Acolyte began the quest for
                  | the Orb.
     0 | D:1      | Reached XP level 1. HP: 19/19 MP: 2/2
   632 | D:1      | Reached XP level 2. HP: 17/26 MP: 3/3
  1243 | D:1      | Found a faded altar of an unknown god.
  1247 | D:1      | Learned a level 2 spell: Scorch
  1310 | D:2      | Found Ocvemieb's General Store.
  1567 | D:2      | Noticed Jessica
  1574 | D:2      | Killed from afar by Jessica

Illustrated notes

Levels and vault maps discovered:
D:1:      dpeg_arrival_long_road, layout_rooms,
          shapermc_ecumenical_altar_mp_vishouse, chequers_jeans,
          minmay_misc_feat_enclosed, nrook_mini_vaults
D:2:      layout_basic, serial_shops, shop, uniq_jessica

Action                   || total
-------------------------++-------
Melee: Hand axe          ||    61
 Cast: Scorch            ||     1
Armor: Robe              ||     8
Dodge: Dodged            ||    33

Table legend: (Time is in decaauts)
 A = Elapsed time spent in this place.
 B = Non-inter-level travel time spent in this place.
 C = Inter-level travel time spent in this place.
 D = Time resting spent in this place.
 E = Time spent auto-exploring this place.
 F = Levels seen in this place.
 G = Mean time per level.
                   A        B        C        D        E       F      G
               +--------+--------+--------+--------+--------+-----+--------+
         Total |   1578 |   1568 |     10 |     69 |   1325 |   2 |  789.0 |
       Dungeon |   1578 |   1568 |     10 |     69 |   1325 |   2 |  789.0 |
               +--------+--------+--------+--------+--------+-----+--------+

Top non-repeatable levels by time:
     D:1: 1259 daAuts
     D:2: 318 daAuts
